Map: Neon Violet Square LE

Players

SamuraiFunn - Winner!

  • Race: Protoss Protoss
  • League: Platinum
  • Spawn Location: 5:00

Yashiro

  • Race: Zerg Zerg
  • Spawn Location: 11:00

VOD

Have the link to the VOD?

Description

Time

  • Played on: Nov. 25, 2017, 2:16 p.m.
  • Length: 9:17
Show
View Real Time Build Order
Export as new Build Order

SamuraiFunn Protoss - Winner!

Build Orders: 1 Gate Expand 

Get SALT Encoding   

  12  0:00  Probe  
  13  0:15  Pylon  
  13  0:18  Probe  
  14  0:30  Probe  
  15  0:39  Gateway  
  15  0:42  Probe  
  16  0:51  Assimilator  
  16  0:54  Probe  
  17  1:06  Probe  
  18  1:19  Nexus  
  18  1:23  Probe  
  19  1:31  Zealot  
  21  1:37  Pylon  
  21  1:50  Probe  
  22  1:56  Assimilator  
  22  2:00  Gateway  
  22  2:02  Probe  
  23  2:22  Probe  
  24  2:33  Cybernetics Core  
  24  2:34  Probe  
  26  2:37  Probe  
  26  2:48  Probe  
  27  2:53  Zealot  
  27  2:54  Zealot  
  27  2:58  Probe  
  32  3:07  Pylon  
  32  3:12  Probe  
  33  3:19  Assimilator  
  33  3:20  Probe  
  33  3:25  Warp Gate (Chrono Boost)  
  34  3:30  Stalker x2  
  34  3:33  Probe x2  
  40  3:36  Assimilator  
  40  3:47  Gateway  
  40  3:54  Probe x2, Twilight Council  
  42  4:02  Pylon  
  42  4:04  Stalker  
  42  4:08  Probe x2  
  46  4:13  Stalker  
  48  4:20  Probe x2  
  50  4:32  Probe x2, Charge (Chrono Boost)  
  52  4:44  Pylon  
  52  4:50  Gateway  
  52  5:05  Forge  
  52  5:07  Forge  
  52  5:17  Probe  
  52  5:18  Probe  
  52  5:20  Pylon, Nexus  
  54  5:30  Probe x2  
  55  5:52  Protoss Ground Armor Level 1 (Chrono Boost)  
  55  5:55  Probe  
  55  5:56  Probe  
  57  5:58  Robotics Facility  
  57  6:02  Protoss Ground Weapons Level 1 (Chrono Boost)  
  57  6:03  Blink (Chrono Boost)  
  57  6:07  Probe  
  57  6:08  Probe  
  59  6:13  Pylon  
  59  6:20  Probe x2  
  61  6:40  Probe x2  
  61  6:44  Probe  
  64  6:50  Warp Prism  
  64  6:52  Probe x2  
  66  6:56  Probe  
  63  7:01  Stalker x3  
  63  7:02  Stalker  
  63  7:07  Gateway  
  63  7:08  Gateway  
  71  7:10  Gateway  
  71  7:11  Robotics Facility  
  71  7:25  Zealot x3  
  71  7:26  Zealot  
  79  7:45  Probe x2  
  79  7:46  Probe  
  82  8:00  Warp Prism  
  82  8:02  Immortal  
  88  8:14  Zealot  
  88  8:16  Zealot x4  
  96  8:37  Stalker x2  
Show
View Real Time Build Order
Export as new Build Order

Yashiro Zerg 

Build Orders: Pool First 

Get SALT Encoding   

  12  0:04  Drone  
  13  0:12  Drone  
  14  0:19  Overlord  
  14  0:32  Overlord  
  14  0:35  Overlord  
  14  0:45  Drone  
  15  0:50  Drone  
  16  1:02  Drone  
  17  1:13  Drone  
  18  1:22  Spawning Pool  
  17  1:29  Evolution Chamber  
  17  1:30  Drone x2  
  18  1:44  Extractor  
  17  1:48  Extractor  
  17  1:51  Drone  
  17  1:59  Drone  
  18  2:14  Queen  
  20  2:29  Drone x3  
  23  2:42  Spore Crawler  
  22  2:51  Drone x2  
  24  3:07  Overlord  
  24  3:15  Zergling x2  
  24  3:29  Drone x4  
  28  3:47  Spore Crawler  
  27  3:52  Spore Crawler  
  26  3:58  Drone x2  
  26  3:59  Spore Crawler  
  27  4:24  Hatchery  
  27  4:28  Spore Crawler  
  25  4:34  Spore Crawler  
  25  4:36  Zergling x2  
  25  4:37  Zergling x6  
  28  4:50  Lair  
  28  5:11  Drone x4  
  33  5:35  Drone x2  
  33  5:36  Drone x2  
  31  6:12  Hydralisk Den  
  30  6:25  Zergling x12  
  34  6:26  Zergling x8, Spore Crawler  
  33  7:04  Drone x2  
  35  7:25  Hydralisk x3  
  35  7:26  Hydralisk x3, Hatchery  
  38  8:01  Spine Crawler  
  37  8:07  Spine Crawler  
  37  8:08  Hydralisk x3  
  42  8:26  Spine Crawler  
Tags
 
Add a new tag
Caveats
  • Supply blocks, unpowered buildings, or Contaminate may cause inaccurate times.
  • Supply counts are checked every 10 seconds.